3276 views
Uploaded 2019-12-01 20:54:43
Game version 1.32.0.2 / 1.32.0.2.1
47:30 long 4on4 ladder game on (8)TwilightRuins_LV
Saved by iggythefisk
3276 views
Uploaded 2019-12-01 20:54:43
Game version 1.32.0.2 / 1.32.0.2.1
47:30 long 4on4 ladder game on (8)TwilightRuins_LV


180 units @ 33.7k
/ 7k
93 buildings @ 13.2k
/ 6k


| Rod of Necromancy | 1 | 150 |
| Sacrificial Skull | 1 | 50 |
| Orb of Corruption | 2 | 750 |
| Potion of Healing | 3 | 450 |
| Dust of Appearance | 1 | 75 |
| total: | 8 | 1475g |
| Acolyte | 10 | 750 | / | 0 |
| Ghoul | 3 | 360 | / | 0 |
| Crypt Fiend | 16 | 3440 | / | 640 |
| Obsidian Statue | 4 | 800 | / | 140 |
| Abomination | 9 | 2160 | / | 630 |
| Frost Wyrm | 5 | 1925 | / | 600 |
| Meat Wagon | 1 | 230 | / | 50 |
| total: | 48 | 9665g | / | 2060w |
| Nerubian Tower | 3 | 300 | / | 60 |
| Spirit Tower | 2 | 290 | / | 80 |
| Altar of Darkness | 1 | 180 | / | 50 |
| Ziggurat | 8 | 1200 | / | 400 |
| Crypt | 1 | 200 | / | 50 |
| Graveyard | 1 | 215 | / | 0 |
| Tomb of Relics | 1 | 130 | / | 30 |
| Necropolis | 1 | 225 | / | 0 |
| Slaughterhouse | 2 | 280 | / | 270 |
| Sacrificial Pit | 1 | 75 | / | 150 |
| Boneyard | 3 | 525 | / | 600 |
| Halls of the Dead | 1 | 320 | / | 210 |
| Black Citadel | 1 | 325 | / | 230 |
| total: | 19 | 3030g | / | 1550w |
| 0:04 | Acolyte |
| 0:04 | Acolyte |
| 0:09 | Altar of Darkness |
| 0:10 | Ziggurat |
| 0:34 | Crypt |
| 0:57 | Graveyard |
| 1:36 | Tomb of Relics |
| 1:40 | Ghoul |
| 1:40 | Ghoul |
| 1:59 | Ziggurat |
| 2:09 | Ghoul |
| 2:22 | Unholy Aura |
| 2:38 | Rod of Necromancy |
| 2:56 | Crypt Fiend |
| 3:16 | Crypt Fiend |
| 3:37 | Nerubian Tower |
| 3:55 | Crypt Fiend |
| 4:03 | Ziggurat |
| 4:46 | Crypt Fiend |
| 4:53 | Death Coil |
| 5:11 | Halls of the Dead |
| 5:14 | Ziggurat |
| 5:20 | Crypt Fiend |
| 5:20 | Crypt Fiend |
| 6:07 | Unholy Aura |
| 6:46 | Crypt Fiend |
| 6:50 | Creature Attack |
| 6:50 | Creature Carapace |
| 7:35 | Acolyte |
| 7:42 | Slaughterhouse |
| 7:46 | Slaughterhouse |
| 8:54 | Obsidian Statue |
| 9:01 | Sacrificial Skull |
| 9:05 | Frost Nova |
| 9:16 | Necropolis |
| 9:20 | Ziggurat |
| 9:25 | Ziggurat |
| 9:56 | Acolyte |
| 9:57 | Acolyte |
| 10:03 | Acolyte |
| 10:42 | Black Citadel |
| 11:00 | Nerubian Tower |
| 11:02 | Acolyte |
| 11:10 | Nerubian Tower |
| 11:21 | Sacrificial Pit |
| 11:35 | Improved Creature Carapace |
| 11:38 | Crypt Fiend |
| 11:39 | Crypt Fiend |
| 12:33 | Death Coil |
| 12:56 | Improved Creature Attack |
| 12:56 | Unholy Strength |
| 12:57 | Unholy Armor |
| 13:01 | Crypt Fiend |
| 13:02 | Crypt Fiend |
| 13:22 | Boneyard |
| 13:22 | Boneyard |
| 13:32 | Crypt Fiend |
| 13:48 | Crypt Fiend |
| 14:17 | Burrow |
| 14:22 | Web |
| 15:12 | Advanced Creature Attack |
| 16:03 | Crypt Fiend |
| 16:03 | Crypt Fiend |
| 16:03 | Crypt Fiend |
| 16:05 | Abomination |
| 16:05 | Abomination |
| 16:31 | Frost Wyrm |
| 17:20 | Frost Wyrm |
| 17:32 | Abomination |
| 17:56 | Abomination |
| 17:59 | Disease Cloud |
| 18:24 | Obsidian Statue |
| 18:40 | Obsidian Statue |
| 18:51 | Ziggurat |
| 18:56 | Ziggurat |
| 19:06 | Improved Unholy Armor |
| 20:07 | Advanced Unholy Armor |
| 21:11 | Orb of Corruption |
| 21:20 | Boneyard |
| 22:09 | Spirit Tower |
| 22:11 | Acolyte |
| 22:11 | Acolyte |
| 22:11 | Acolyte |
| 23:29 | Advanced Creature Carapace |
| 23:34 | Improved Unholy Strength |
| 23:47 | Orb of Corruption |
| 23:54 | Destroyer Form |
| 24:16 | Frost Armor |
| 25:52 | Frost Wyrm |
| 25:55 | Abomination |
| 26:23 | Potion of Healing |
| 26:24 | Potion of Healing |
| 26:24 | Potion of Healing |
| 26:42 | Frost Wyrm |
| 26:52 | Obsidian Statue |
| 28:35 | Freezing Breath |
| 28:41 | Advanced Unholy Strength |
| 30:19 | Spirit Tower |
| 31:41 | Abomination |
| 33:02 | Frost Wyrm |
| 33:03 | Abomination |
| 33:20 | Meat Wagon |
| 33:39 | Death Coil |
| 33:57 | Dust of Appearance |
| 35:08 | Abomination |
| 35:09 | Abomination |
| Right click | 2146 |
| Select group | 485 |
| Select | 371 |
| Build/train/purchase | 111 |
| Misc. action | 72 |
| Assign group | 71 |
| Use ability | 47 |
| Minimap ping | 20 |
| Remove unit | 6 |
| Item give/drop | 3 |


| Rod of Necromancy | 1 | 150 |
| Potion of Healing | 4 | 600 |
| Orb of Corruption | 1 | 375 |
| Scroll of Town Portal | 2 | 700 |
| total: | 8 | 1825g |
| Acolyte | 12 | 900 | / | 0 |
| Ghoul | 6 | 720 | / | 0 |
| Crypt Fiend | 11 | 2365 | / | 440 |
| Meat Wagon | 1 | 230 | / | 50 |
| Gargoyle | 6 | 1050 | / | 180 |
| Obsidian Statue | 2 | 400 | / | 70 |
| Frost Wyrm | 7 | 2695 | / | 840 |
| total: | 45 | 8360g | / | 1580w |
| Nerubian Tower | 1 | 100 | / | 20 |
| Spirit Tower | 4 | 580 | / | 160 |
| Altar of Darkness | 1 | 180 | / | 50 |
| Crypt | 2 | 400 | / | 100 |
| Ziggurat | 12 | 1800 | / | 600 |
| Graveyard | 1 | 215 | / | 0 |
| Tomb of Relics | 1 | 130 | / | 30 |
| Slaughterhouse | 1 | 140 | / | 135 |
| Sacrificial Pit | 1 | 75 | / | 150 |
| Boneyard | 4 | 700 | / | 800 |
| Halls of the Dead | 1 | 320 | / | 210 |
| Black Citadel | 1 | 325 | / | 230 |
| total: | 23 | 3640g | / | 1865w |
| 0:03 | Acolyte |
| 0:03 | Acolyte |
| 0:14 | Altar of Darkness |
| 0:21 | Crypt |
| 0:35 | Ziggurat |
| 1:20 | Graveyard |
| 1:32 | Ghoul |
| 1:33 | Ghoul |
| 1:44 | Ziggurat |
| 1:55 | Tomb of Relics |
| 2:07 | Ghoul |
| 2:37 | Death Coil |
| 3:08 | Halls of the Dead |
| 3:18 | Crypt Fiend |
| 3:58 | Nerubian Tower |
| 4:24 | Crypt Fiend |
| 4:39 | Crypt |
| 4:52 | Crypt Fiend |
| 5:16 | Crypt Fiend |
| 5:21 | Ziggurat |
| 6:03 | Crypt Fiend |
| 6:07 | Creature Attack |
| 6:24 | Acolyte |
| 6:24 | Acolyte |
| 6:43 | Rod of Necromancy |
| 7:04 | Acolyte |
| 7:14 | Unholy Aura |
| 7:30 | Acolyte |
| 7:30 | Acolyte |
| 8:10 | Frost Nova |
| 8:40 | Ziggurat |
| 8:44 | Improved Creature Attack |
| 8:57 | Slaughterhouse |
| 9:01 | Ziggurat |
| 9:02 | Ziggurat |
| 9:03 | Ziggurat |
| 9:18 | Dark Ritual |
| 9:39 | Crypt Fiend |
| 10:00 | Spirit Tower |
| 10:24 | Acolyte |
| 10:24 | Acolyte |
| 10:24 | Acolyte |
| 10:50 | Crypt Fiend |
| 11:08 | Acolyte |
| 11:08 | Acolyte |
| 11:48 | Crypt Fiend |
| 12:04 | Death Coil |
| 12:26 | Ziggurat |
| 12:27 | Ziggurat |
| 12:28 | Ziggurat |
| 12:46 | Potion of Healing |
| 12:52 | Scroll of Town Portal |
| 13:14 | Advanced Creature Attack |
| 14:10 | Crypt Fiend |
| 14:14 | Web |
| 14:14 | Burrow |
| 14:19 | Crypt Fiend |
| 14:31 | Spirit Tower |
| 15:17 | Ghoul |
| 15:43 | Meat Wagon |
| 17:09 | Crypt Fiend |
| 17:37 | Sacrificial Pit |
| 17:42 | Ziggurat |
| 18:01 | Gargoyle |
| 18:05 | Gargoyle |
| 18:31 | Black Citadel |
| 18:55 | Obsidian Statue |
| 18:57 | Obsidian Statue |
| 19:05 | Creature Carapace |
| 19:07 | Gargoyle |
| 19:51 | Gargoyle |
| 20:11 | Frost Nova |
| 20:47 | Spirit Tower |
| 21:17 | Boneyard |
| 21:19 | Boneyard |
| 21:21 | Boneyard |
| 21:26 | Boneyard |
| 22:00 | Gargoyle |
| 22:09 | Ghoul |
| 22:09 | Ghoul |
| 22:45 | Frost Wyrm |
| 22:46 | Frost Wyrm |
| 22:58 | Ziggurat |
| 23:14 | Frost Wyrm |
| 23:37 | Frost Wyrm |
| 24:29 | Frost Wyrm |
| 24:47 | Freezing Breath |
| 24:51 | Gargoyle |
| 25:16 | Potion of Healing |
| 25:17 | Potion of Healing |
| 25:20 | Potion of Healing |
| 25:21 | Orb of Corruption |
| 25:34 | Scroll of Town Portal |
| 25:57 | Improved Creature Carapace |
| 28:04 | Advanced Creature Carapace |
| 28:32 | Unholy Aura |
| 32:56 | Frost Wyrm |
| 34:01 | Frost Wyrm |
| Right click | 1244 |
| Select group | 731 |
| Select | 358 |
| Misc. action | 152 |
| Build/train/purchase | 92 |
| Assign group | 56 |
| Use ability | 46 |
| Minimap ping | 11 |
| Esc | 4 |
| Chat | 4 |
| Item give/drop | 2 |
| Remove unit | 2 |


| Rod of Necromancy | 2 | 300 |
| Ritual Dagger | 1 | 125 |
| Orb of Corruption | 1 | 375 |
| Potion of Healing | 4 | 600 |
| Scroll of Town Portal | 2 | 700 |
| Scroll of Healing | 2 | 500 |
| Potion of Lesser Invulnerability | 2 | 300 |
| Periapt of Vitality | 2 | 650 |
| Boots of Speed | 2 | 500 |
| Circlet of Nobility | 1 | 175 |
| total: | 19 | 4225g |
| Acolyte | 11 | 825 | / | 0 |
| Ghoul | 14 | 1680 | / | 0 |
| Obsidian Statue | 3 | 600 | / | 105 |
| Abomination | 5 | 1200 | / | 350 |
| Meat Wagon | 2 | 460 | / | 100 |
| Frost Wyrm | 4 | 1540 | / | 480 |
| total: | 39 | 6305g | / | 1035w |
| Nerubian Tower | 2 | 200 | / | 40 |
| Spirit Tower | 1 | 145 | / | 40 |
| Altar of Darkness | 1 | 180 | / | 50 |
| Ziggurat | 9 | 1350 | / | 450 |
| Crypt | 1 | 200 | / | 50 |
| Tomb of Relics | 1 | 130 | / | 30 |
| Graveyard | 4 | 860 | / | 0 |
| Necropolis | 1 | 225 | / | 0 |
| Slaughterhouse | 2 | 280 | / | 270 |
| Sacrificial Pit | 1 | 75 | / | 150 |
| Boneyard | 3 | 525 | / | 600 |
| Halls of the Dead | 1 | 320 | / | 210 |
| Black Citadel | 1 | 325 | / | 230 |
| total: | 23 | 3825g | / | 1600w |
| 0:04 | Acolyte |
| 0:05 | Acolyte |
| 0:17 | Altar of Darkness |
| 0:19 | Ziggurat |
| 0:36 | Crypt |
| 0:54 | Tomb of Relics |
| 1:12 | Ziggurat |
| 1:13 | Ziggurat |
| 1:37 | Graveyard |
| 1:41 | Ghoul |
| 1:41 | Ghoul |
| 1:50 | Nerubian Tower |
| 2:02 | Ghoul |
| 2:02 | Ghoul |
| 2:18 | Death Coil |
| 2:19 | Rod of Necromancy |
| 2:42 | Ghoul |
| 2:42 | Ghoul |
| 3:01 | Ghoul |
| 3:23 | Halls of the Dead |
| 3:41 | Ghoul |
| 4:01 | Ghoul |
| 4:04 | Ziggurat |
| 4:13 | Unholy Aura |
| 4:29 | Ghoul |
| 4:31 | Ghoul |
| 4:59 | Ghoul |
| 5:17 | Unholy Strength |
| 5:17 | Unholy Armor |
| 5:36 | Ziggurat |
| 5:52 | Rod of Necromancy |
| 6:01 | Ritual Dagger |
| 6:16 | Slaughterhouse |
| 6:21 | Acolyte |
| 6:47 | Vampiric Aura |
| 7:02 | Necropolis |
| 7:14 | Cannibalize |
| 7:18 | Death Coil |
| 7:25 | Slaughterhouse |
| 8:13 | Black Citadel |
| 8:16 | Obsidian Statue |
| 8:43 | Obsidian Statue |
| 8:46 | Acolyte |
| 8:46 | Acolyte |
| 9:00 | Graveyard |
| 9:13 | Acolyte |
| 9:13 | Acolyte |
| 9:16 | Sleep |
| 9:29 | Unholy Aura |
| 9:55 | Improved Unholy Strength |
| 9:55 | Improved Unholy Armor |
| 10:04 | Graveyard |
| 10:22 | Advanced Unholy Strength |
| 11:19 | Abomination |
| 11:20 | Disease Cloud |
| 11:21 | Abomination |
| 11:25 | Ziggurat |
| 11:26 | Ziggurat |
| 11:42 | Advanced Unholy Armor |
| 13:04 | Vampiric Aura |
| 13:05 | Abomination |
| 14:18 | Abomination |
| 14:38 | Ghoul Frenzy |
| 15:19 | Abomination |
| 17:08 | Meat Wagon |
| 17:32 | Obsidian Statue |
| 17:34 | Meat Wagon |
| 17:52 | Sacrificial Pit |
| 18:55 | Boneyard |
| 18:57 | Boneyard |
| 18:58 | Boneyard |
| 19:01 | Creature Attack |
| 19:01 | Creature Carapace |
| 19:18 | Scroll of Town Portal |
| 19:18 | Orb of Corruption |
| 19:20 | Potion of Healing |
| 21:56 | Ghoul |
| 21:58 | Ghoul |
| 22:00 | Graveyard |
| 22:30 | Frost Wyrm |
| 22:53 | Frost Wyrm |
| 22:56 | Improved Creature Attack |
| 22:56 | Improved Creature Carapace |
| 23:13 | Spirit Tower |
| 23:25 | Frost Wyrm |
| 25:09 | Advanced Creature Attack |
| 25:10 | Advanced Creature Carapace |
| 25:22 | Potion of Lesser Invulnerability |
| 25:24 | Periapt of Vitality |
| 25:24 | Boots of Speed |
| 25:32 | Boots of Speed |
| 26:57 | Potion of Healing |
| 26:57 | Scroll of Healing |
| 27:01 | Scroll of Town Portal |
| 27:02 | Potion of Healing |
| 27:24 | Sleep |
| 28:16 | Death Coil |
| 28:20 | Ziggurat |
| 28:22 | Ziggurat |
| 29:15 | Frost Wyrm |
| 29:17 | Freezing Breath |
| 29:38 | Acolyte |
| 30:22 | Potion of Lesser Invulnerability |
| 30:25 | Periapt of Vitality |
| 30:27 | Circlet of Nobility |
| 30:40 | Nerubian Tower |
| 31:08 | Acolyte |
| 31:08 | Acolyte |
| 38:30 | Sleep |
| 39:46 | Acolyte |
| 40:54 | Potion of Healing |
| 40:56 | Scroll of Healing |
| Right click | 1900 |
| Chat | 680 |
| Select | 567 |
| Select group | 350 |
| Misc. action | 191 |
| Build/train/purchase | 148 |
| Use ability | 73 |
| Assign group | 31 |
| Item give/drop | 10 |
| Minimap ping | 8 |
| Esc | 1 |

| Peasant | 8 | 600 | / | 0 |
| Footman | 4 | 540 | / | 0 |
| Gryphon Rider | 14 | 3920 | / | 980 |
| Knight | 3 | 735 | / | 180 |
| Mortar Team | 6 | 1080 | / | 420 |
| Siege Engine | 13 | 2535 | / | 780 |
| total: | 48 | 9410g | / | 2360w |
| Altar of Kings | 1 | 180 | / | 50 |
| Farm | 21 | 1680 | / | 420 |
| Barracks | 1 | 160 | / | 60 |
| Lumber Mill | 1 | 120 | / | 0 |
| Blacksmith | 1 | 140 | / | 60 |
| Gryphon Aviary | 2 | 280 | / | 300 |
| Workshop | 1 | 140 | / | 140 |
| Keep | 1 | 320 | / | 210 |
| Castle | 1 | 360 | / | 210 |
| total: | 28 | 2700g | / | 1030w |
| 0:14 | Altar of Kings |
| 0:17 | Peasant |
| 0:17 | Peasant |
| 0:19 | Peasant |
| 0:49 | Farm |
| 0:55 | Barracks |
| 1:37 | Lumber Mill |
| 1:45 | Peasant |
| 2:17 | Footman |
| 2:17 | Footman |
| 2:18 | Footman |
| 2:18 | Footman |
| 2:35 | Peasant |
| 2:49 | Farm |
| 2:54 | Farm |
| 2:56 | Farm |
| 2:57 | Farm |
| 3:05 | Summon Water Elemental |
| 4:24 | Keep |
| 4:34 | Blacksmith |
| 6:48 | Gryphon Aviary |
| 7:19 | Farm |
| 7:20 | Farm |
| 7:22 | Farm |
| 7:44 | Brilliance Aura |
| 8:02 | Castle |
| 8:39 | Improved Lumber Harvesting |
| 9:28 | Gryphon Aviary |
| 11:31 | Gryphon Rider |
| 11:32 | Gryphon Rider |
| 11:32 | Gryphon Rider |
| 11:32 | Gryphon Rider |
| 11:56 | Advanced Lumber Harvesting |
| 12:41 | Storm Hammers |
| 13:02 | Knight |
| 13:03 | Knight |
| 13:03 | Knight |
| 13:15 | Peasant |
| 13:15 | Peasant |
| 13:15 | Peasant |
| 15:04 | Animal War Training |
| 15:08 | Gryphon Rider |
| 15:08 | Gryphon Rider |
| 15:08 | Gryphon Rider |
| 15:08 | Gryphon Rider |
| 15:08 | Gryphon Rider |
| 16:12 | Workshop |
| 17:40 | Mortar Team |
| 17:40 | Mortar Team |
| 17:40 | Mortar Team |
| 17:40 | Mortar Team |
| 17:41 | Mortar Team |
| 17:42 | Mortar Team |
| 17:51 | Farm |
| 17:52 | Farm |
| 17:53 | Farm |
| 17:54 | Farm |
| 17:55 | Farm |
| 17:56 | Farm |
| 18:49 | Summon Water Elemental |
| 19:12 | Fragmentation Shards |
| 19:16 | Barrage |
| 19:46 | Black Gunpowder |
| 20:40 | Siege Engine |
| 20:40 | Siege Engine |
| 20:40 | Siege Engine |
| 20:40 | Siege Engine |
| 20:41 | Siege Engine |
| 21:21 | Farm |
| 21:22 | Farm |
| 21:23 | Farm |
| 21:25 | Farm |
| 21:27 | Farm |
| 21:27 | Farm |
| 21:29 | Farm |
| 26:19 | Refined Gunpowder |
| 26:25 | Iron Plating |
| 26:56 | Siege Engine |
| 26:57 | Siege Engine |
| 26:57 | Siege Engine |
| 26:57 | Siege Engine |
| 26:57 | Siege Engine |
| 26:57 | Siege Engine |
| 26:58 | Siege Engine |
| 26:58 | Siege Engine |
| 27:25 | Gryphon Rider |
| 27:26 | Gryphon Rider |
| 27:26 | Gryphon Rider |
| 27:26 | Gryphon Rider |
| 27:26 | Gryphon Rider |
| 29:23 | Imbued Gunpowder |
| 33:10 | Blizzard |
| Right click | 941 |
| Select | 233 |
| Build/train/purchase | 75 |
| Misc. action | 44 |
| Minimap ping | 10 |
| Use ability | 4 |
| Remove unit | 2 |
110 units @ 10.6k
/ 0.9k
426 buildings @ 32.1k
/ 19.7k



| Orb of Fire | 1 | 325 |
| Staff of Sanctuary | 3 | 750 |
| Boots of Speed | 3 | 750 |
| Staff of Teleportation | 3 | 450 |
| Healing Salve | 1 | 100 |
| Orb of Lightning | 2 | 750 |
| Pendant of Energy | 1 | 300 |
| Cloak of Flames | 1 | 500 |
| total: | 15 | 3925g |
| Peasant | 24 | 1800 | / | 0 |
| Priest | 2 | 270 | / | 20 |
| total: | 26 | 2070g | / | 20w |
| Scout Tower | 70 | 2100 | / | 1400 |
| Arcane Tower | 6 | 420 | / | 300 |
| Guard Tower | 29 | 2030 | / | 1450 |
| Altar of Kings | 1 | 180 | / | 50 |
| Lumber Mill | 1 | 120 | / | 0 |
| Farm | 4 | 320 | / | 80 |
| Arcane Vault | 3 | 390 | / | 90 |
| Town Hall | 1 | 385 | / | 205 |
| Arcane Sanctum | 1 | 150 | / | 140 |
| Keep | 1 | 320 | / | 210 |
| Castle | 1 | 360 | / | 210 |
| total: | 81 | 3645g | / | 1965w |
| 0:01 | Peasant |
| 0:05 | Altar of Kings |
| 0:09 | Peasant |
| 0:18 | Lumber Mill |
| 0:21 | Peasant |
| 0:42 | Farm |
| 0:43 | Peasant |
| 0:51 | Peasant |
| 0:55 | Peasant |
| 1:04 | Peasant |
| 1:07 | Farm |
| 1:19 | Peasant |
| 1:32 | Improved Masonry |
| 1:36 | Scout Tower |
| 1:41 | Peasant |
| 1:51 | Scout Tower |
| 1:53 | Peasant |
| 2:05 | Arcane Tower |
| 2:07 | Scout Tower |
| 2:12 | Peasant |
| 2:20 | Scout Tower |
| 2:23 | Holy Light |
| 2:28 | Arcane Tower |
| 2:32 | Peasant |
| 2:40 | Peasant |
| 2:41 | Guard Tower |
| 3:02 | Scout Tower |
| 3:03 | Guard Tower |
| 3:14 | Peasant |
| 3:18 | Scout Tower |
| 4:07 | Guard Tower |
| 4:08 | Scout Tower |
| 4:14 | Arcane Vault |
| 4:17 | Healing Salve |
| 4:43 | Scout Tower |
| 4:44 | Guard Tower |
| 5:22 | Divine Shield |
| 5:29 | Keep |
| 6:09 | Town Hall |
| 6:11 | Scout Tower |
| 6:12 | Scout Tower |
| 6:12 | Scout Tower |
| 6:13 | Scout Tower |
| 6:13 | Scout Tower |
| 6:14 | Scout Tower |
| 6:23 | Farm |
| 6:37 | Boots of Speed |
| 6:53 | Arcane Tower |
| 6:54 | Guard Tower |
| 6:59 | Guard Tower |
| 7:01 | Scout Tower |
| 7:02 | Scout Tower |
| 7:02 | Scout Tower |
| 7:03 | Scout Tower |
| 7:33 | Guard Tower |
| 7:46 | Scout Tower |
| 7:47 | Scout Tower |
| 7:49 | Arcane Vault |
| 7:50 | Scout Tower |
| 7:50 | Scout Tower |
| 8:15 | Advanced Masonry |
| 8:32 | Peasant |
| 8:32 | Peasant |
| 8:33 | Farm |
| 8:39 | Guard Tower |
| 8:41 | Scout Tower |
| 8:43 | Scout Tower |
| 8:45 | Scout Tower |
| 8:59 | Guard Tower |
| 9:13 | Improved Lumber Harvesting |
| 9:15 | Peasant |
| 9:15 | Peasant |
| 9:15 | Peasant |
| 9:16 | Peasant |
| 9:19 | Arcane Tower |
| 9:40 | Holy Light |
| 9:48 | Castle |
| 9:51 | Guard Tower |
| 9:56 | Guard Tower |
| 9:58 | Scout Tower |
| 9:59 | Scout Tower |
| 10:06 | Scout Tower |
| 10:26 | Healing Spray |
| 10:30 | Scout Tower |
| 10:30 | Scout Tower |
| 10:31 | Scout Tower |
| 10:32 | Scout Tower |
| 10:32 | Scout Tower |
| 10:33 | Scout Tower |
| 10:58 | Arcane Sanctum |
| 11:27 | Arcane Tower |
| 11:31 | Guard Tower |
| 11:35 | Scout Tower |
| 11:35 | Scout Tower |
| 11:36 | Scout Tower |
| 11:52 | Guard Tower |
| 12:11 | Advanced Lumber Harvesting |
| 12:12 | Imbued Masonry |
| 12:14 | Guard Tower |
| 12:53 | Arcane Vault |
| 12:59 | Guard Tower |
| 13:02 | Scout Tower |
| 13:04 | Scout Tower |
| 13:05 | Scout Tower |
| 13:10 | Siphon Mana |
| 13:19 | Peasant |
| 13:20 | Peasant |
| 13:23 | Scout Tower |
| 13:24 | Scout Tower |
| 13:25 | Scout Tower |
| 13:26 | Guard Tower |
| 13:34 | Staff of Teleportation |
| 13:39 | Boots of Speed |
| 13:50 | Scout Tower |
| 14:00 | Boots of Speed |
| 14:08 | Scout Tower |
| 14:09 | Scout Tower |
| 14:14 | Guard Tower |
| 14:29 | Scout Tower |
| 14:30 | Scout Tower |
| 14:31 | Guard Tower |
| 14:33 | Guard Tower |
| 15:14 | Chemical Rage |
| 15:24 | Guard Tower |
| 15:41 | Guard Tower |
| 15:43 | Scout Tower |
| 15:44 | Scout Tower |
| 16:03 | Guard Tower |
| 16:05 | Scout Tower |
| 16:07 | Scout Tower |
| 16:08 | Scout Tower |
| 16:13 | Orb of Fire |
| 17:06 | Peasant |
| 17:06 | Peasant |
| 17:10 | Banish |
| 17:16 | Divine Shield |
| 17:40 | Guard Tower |
| 17:44 | Scout Tower |
| 17:45 | Scout Tower |
| 17:45 | Scout Tower |
| 17:46 | Scout Tower |
| 17:47 | Scout Tower |
| 17:47 | Scout Tower |
| 17:48 | Scout Tower |
| 17:48 | Scout Tower |
| 17:50 | Scout Tower |
| 17:50 | Scout Tower |
| 17:52 | Guard Tower |
| 18:24 | Healing Spray |
| 18:39 | Arcane Tower |
| 18:40 | Guard Tower |
| 19:28 | Guard Tower |
| 19:48 | Staff of Teleportation |
| 20:07 | Staff of Teleportation |
| 20:17 | Guard Tower |
| 20:22 | Scout Tower |
| 20:23 | Scout Tower |
| 20:24 | Scout Tower |
| 20:34 | Staff of Sanctuary |
| 20:53 | Orb of Lightning |
| 21:29 | Staff of Sanctuary |
| 21:40 | Staff of Sanctuary |
| 22:10 | Guard Tower |
| 22:12 | Scout Tower |
| 22:12 | Scout Tower |
| 22:52 | Orb of Lightning |
| 23:08 | Guard Tower |
| 23:11 | Scout Tower |
| 23:12 | Scout Tower |
| 25:03 | Priest Adept Training |
| 25:04 | Priest |
| 26:19 | Siphon Mana |
| 27:45 | Priest Master Training |
| 27:46 | Priest |
| 28:17 | Pendant of Energy |
| 28:30 | Cloak of Flames |
| 38:07 | Holy Light |
| 41:31 | Banish |
| 43:56 | Chemical Rage |
| Right click | 2137 |
| Select group | 1717 |
| Chat | 821 |
| Select | 507 |
| Assign group | 314 |
| Misc. action | 188 |
| Build/train/purchase | 171 |
| Use ability | 166 |
| Item give/drop | 15 |
IcebergSlim
(47:14) : 


| Healing Salve | 2 | 200 |
| Orb of Lightning | 1 | 375 |
| Boots of Speed | 3 | 750 |
| Periapt of Vitality | 2 | 650 |
| Staff of Teleportation | 3 | 450 |
| Staff of Sanctuary | 2 | 500 |
| Claws of Attack +9 | 1 | 300 |
| Claws of Attack +12 | 1 | 500 |
| total: | 15 | 3725g |
| Peon | 18 | 1350 | / | 0 |
| Shaman | 4 | 520 | / | 80 |
| Goblin Shredder | 1 | 375 | / | 100 |
| Goblin Zeppelin | 1 | 240 | / | 60 |
| total: | 24 | 2485g | / | 240w |
| Watch Tower | 84 | 9240 | / | 6720 |
| Altar of Storms | 2 | 360 | / | 100 |
| Orc Burrow | 4 | 640 | / | 160 |
| War Mill | 1 | 205 | / | 0 |
| Voodoo Lounge | 6 | 780 | / | 180 |
| Great Hall | 3 | 1155 | / | 555 |
| Spirit Lodge | 1 | 150 | / | 150 |
| Stronghold | 1 | 315 | / | 190 |
| Fortress | 1 | 325 | / | 190 |
| total: | 101 | 12530g | / | 7865w |
| 0:02 | Peon |
| 0:02 | Peon |
| 0:05 | Altar of Storms |
| 0:18 | Orc Burrow |
| 0:21 | Peon |
| 0:35 | Peon |
| 0:49 | War Mill |
| 0:52 | Peon |
| 1:03 | Peon |
| 1:15 | Voodoo Lounge |
| 1:19 | Peon |
| 1:37 | Peon |
| 1:50 | Orc Burrow |
| 2:06 | Watch Tower |
| 2:13 | Critical Strike |
| 2:20 | Healing Salve |
| 2:23 | Peon |
| 2:32 | Watch Tower |
| 2:40 | Peon |
| 2:56 | Peon |
| 3:11 | Watch Tower |
| 3:32 | Peon |
| 3:32 | Peon |
| 3:36 | Watch Tower |
| 3:50 | Watch Tower |
| 3:55 | Peon |
| 4:05 | Watch Tower |
| 4:27 | Stronghold |
| 4:56 | Watch Tower |
| 5:17 | Spiked Barricades |
| 5:19 | Watch Tower |
| 5:42 | Wind Walk |
| 5:48 | Watch Tower |
| 5:51 | Watch Tower |
| 5:56 | Watch Tower |
| 6:00 | Watch Tower |
| 6:36 | Orc Burrow |
| 7:02 | Great Hall |
| 7:04 | Watch Tower |
| 7:17 | Peon |
| 7:38 | Boots of Speed |
| 7:52 | Watch Tower |
| 7:57 | Spirit Lodge |
| 8:04 | Hex |
| 8:14 | Watch Tower |
| 8:48 | Goblin Shredder |
| 9:08 | Fortress |
| 9:12 | Reinforced Defenses |
| 9:38 | Critical Strike |
| 9:40 | Watch Tower |
| 9:42 | Peon |
| 9:42 | Peon |
| 9:55 | Shaman Adept Training |
| 9:59 | Watch Tower |
| 10:56 | Watch Tower |
| 10:58 | Improved Spiked Barricades |
| 11:07 | Healing Wave |
| 11:50 | Altar of Storms |
| 11:59 | Watch Tower |
| 12:02 | Shaman Master Training |
| 12:34 | Watch Tower |
| 12:42 | Watch Tower |
| 12:44 | Watch Tower |
| 13:03 | Voodoo Lounge |
| 13:29 | Boots of Speed |
| 13:30 | Periapt of Vitality |
| 13:37 | Watch Tower |
| 13:41 | Peon |
| 13:45 | Shaman |
| 13:46 | Shaman |
| 13:48 | Watch Tower |
| 14:05 | Frost Arrows |
| 14:09 | Orc Burrow |
| 14:16 | Watch Tower |
| 14:20 | Watch Tower |
| 14:21 | Watch Tower |
| 14:42 | Watch Tower |
| 14:48 | Orb of Lightning |
| 15:13 | Watch Tower |
| 15:26 | Watch Tower |
| 15:28 | Watch Tower |
| 15:37 | Watch Tower |
| 15:46 | Watch Tower |
| 16:45 | Watch Tower |
| 16:46 | Watch Tower |
| 17:21 | Watch Tower |
| 17:23 | Watch Tower |
| 17:25 | Watch Tower |
| 17:59 | Watch Tower |
| 18:01 | Watch Tower |
| 18:34 | Watch Tower |
| 18:37 | Watch Tower |
| 18:41 | Watch Tower |
| 19:06 | Wind Walk |
| 19:12 | Hex |
| 19:15 | Watch Tower |
| 19:16 | Watch Tower |
| 19:40 | Watch Tower |
| 19:43 | Watch Tower |
| 19:48 | Voodoo Lounge |
| 20:20 | Watch Tower |
| 20:22 | Watch Tower |
| 20:23 | Shaman |
| 20:23 | Shaman |
| 20:58 | Boots of Speed |
| 20:59 | Periapt of Vitality |
| 21:07 | Watch Tower |
| 21:09 | Watch Tower |
| 21:18 | Forked Lightning |
| 21:20 | Staff of Teleportation |
| 21:26 | Watch Tower |
| 21:32 | Watch Tower |
| 22:13 | Watch Tower |
| 22:18 | Watch Tower |
| 22:41 | Claws of Attack +9 |
| 22:43 | Claws of Attack +12 |
| 22:59 | Watch Tower |
| 23:01 | Watch Tower |
| 23:25 | Staff of Teleportation |
| 23:39 | Watch Tower |
| 23:43 | Watch Tower |
| 24:07 | Watch Tower |
| 24:10 | Watch Tower |
| 24:47 | Watch Tower |
| 24:50 | Watch Tower |
| 26:52 | Watch Tower |
| 27:39 | Healing Salve |
| 28:08 | Watch Tower |
| 28:13 | Staff of Sanctuary |
| 28:17 | Staff of Sanctuary |
| 29:17 | Staff of Teleportation |
| 29:25 | Watch Tower |
| 30:49 | Watch Tower |
| 30:56 | Watch Tower |
| 31:59 | Watch Tower |
| 32:20 | Goblin Zeppelin |
| 33:14 | Frost Arrows |
| 33:37 | Watch Tower |
| 33:54 | Critical Strike |
| 33:55 | Healing Wave |
| 34:07 | Watch Tower |
| 34:26 | Watch Tower |
| 34:43 | Watch Tower |
| 38:06 | Watch Tower |
| 38:20 | Watch Tower |
| 39:10 | Forked Lightning |
| 39:14 | Watch Tower |
| 39:46 | Watch Tower |
| 39:47 | Watch Tower |
| 39:49 | Watch Tower |
| 40:07 | Great Hall |
| 40:15 | Watch Tower |
| 41:19 | Healing Wave |
| 41:26 | Bladestorm |
| 41:50 | Great Hall |
| 42:15 | Watch Tower |
| 42:23 | Watch Tower |
| 44:38 | Watch Tower |
| 44:48 | Watch Tower |
| 46:11 | Voodoo Lounge |
| 46:13 | Voodoo Lounge |
| 46:16 | Voodoo Lounge |
| Right click | 3275 |
| Select | 840 |
| Select group | 741 |
| Chat | 233 |
| Misc. action | 197 |
| Use ability | 94 |
| Build/train/purchase | 91 |
| Assign group | 12 |
| Item give/drop | 11 |
| Resource trade | 7 |
| Minimap ping | 6 |
| Esc | 4 |



x1)
| Healing Salve | 4 | 400 |
| Lesser Clarity Potion | 4 | 280 |
| Orb of Lightning | 2 | 750 |
| Potion of Healing | 1 | 150 |
| Boots of Speed | 3 | 750 |
| Staff of Teleportation | 3 | 450 |
| Tome of Retraining | 1 | 300 |
| Staff of Sanctuary | 3 | 750 |
| Pendant of Energy | 1 | 300 |
| total: | 22 | 4130g |
| Peon | 12 | 900 | / | 0 |
| Troll Batrider | 15 | 2400 | / | 600 |
| total: | 27 | 3300g | / | 600w |
| Watch Tower | 62 | 6820 | / | 4960 |
| Altar of Storms | 1 | 180 | / | 50 |
| Orc Burrow | 4 | 640 | / | 160 |
| War Mill | 1 | 205 | / | 0 |
| Voodoo Lounge | 1 | 130 | / | 30 |
| Great Hall | 1 | 385 | / | 185 |
| Barracks | 1 | 180 | / | 50 |
| Beastiary | 2 | 290 | / | 280 |
| Stronghold | 2 | 630 | / | 380 |
| Fortress | 2 | 650 | / | 380 |
| total: | 73 | 8830g | / | 5715w |
| 0:04 | Peon |
| 0:08 | Altar of Storms |
| 0:15 | Peon |
| 0:21 | Orc Burrow |
| 0:25 | Peon |
| 0:37 | War Mill |
| 0:51 | Peon |
| 1:04 | Voodoo Lounge |
| 1:11 | Peon |
| 1:24 | Peon |
| 1:31 | Peon |
| 1:42 | Peon |
| 1:49 | Watch Tower |
| 1:53 | Peon |
| 2:12 | Wind Walk |
| 2:16 | Watch Tower |
| 2:19 | Peon |
| 2:22 | Healing Salve |
| 2:22 | Healing Salve |
| 2:47 | Watch Tower |
| 2:50 | Watch Tower |
| 3:17 | Stronghold |
| 3:23 | Watch Tower |
| 4:05 | Watch Tower |
| 4:07 | Orc Burrow |
| 4:19 | Critical Strike |
| 4:28 | Watch Tower |
| 5:07 | Lesser Clarity Potion |
| 5:15 | Watch Tower |
| 5:31 | Boots of Speed |
| 5:31 | Staff of Teleportation |
| 5:45 | Peon |
| 6:19 | Fortress |
| 6:46 | Shockwave |
| 6:52 | Lesser Clarity Potion |
| 6:53 | Healing Salve |
| 7:47 | Boots of Speed |
| 7:47 | Staff of Teleportation |
| 8:09 | Watch Tower |
| 8:09 | Watch Tower |
| 8:09 | Watch Tower |
| 8:20 | Watch Tower |
| 8:21 | Watch Tower |
| 8:22 | Watch Tower |
| 8:23 | Watch Tower |
| 8:49 | Orc Burrow |
| 9:03 | Watch Tower |
| 9:05 | Watch Tower |
| 9:06 | Watch Tower |
| 9:11 | Wind Walk |
| 9:37 | Endurance Aura |
| 10:40 | Reinforced Defenses |
| 10:57 | Healing Wave |
| 10:58 | Orb of Lightning |
| 11:07 | Beastiary |
| 11:08 | Beastiary |
| 12:11 | Healing Salve |
| 12:16 | Lesser Clarity Potion |
| 12:20 | Lesser Clarity Potion |
| 12:32 | Watch Tower |
| 12:33 | Watch Tower |
| 12:33 | Watch Tower |
| 12:34 | Watch Tower |
| 12:35 | Watch Tower |
| 12:36 | Watch Tower |
| 12:37 | Watch Tower |
| 12:37 | Watch Tower |
| 12:59 | Boots of Speed |
| 12:59 | Staff of Teleportation |
| 14:21 | Staff of Sanctuary |
| 14:24 | Staff of Sanctuary |
| 14:35 | Orc Burrow |
| 14:37 | Troll Batrider |
| 15:11 | Liquid Fire |
| 15:11 | Troll Batrider |
| 15:12 | Troll Batrider |
| 15:38 | Troll Batrider |
| 15:38 | Steel Ranged Weapons |
| 17:59 | Hex |
| 18:00 | Critical Strike |
| 19:21 | Shockwave |
| 19:55 | Troll Batrider |
| 19:56 | Troll Batrider |
| 19:57 | Thorium Ranged Weapons |
| 20:09 | Staff of Sanctuary |
| 20:16 | Potion of Healing |
| 20:17 | Orb of Lightning |
| 21:00 | Watch Tower |
| 21:01 | Watch Tower |
| 21:01 | Watch Tower |
| 21:01 | Watch Tower |
| 21:06 | Great Hall |
| 21:07 | Watch Tower |
| 21:08 | Watch Tower |
| 21:08 | Watch Tower |
| 21:09 | Watch Tower |
| 21:09 | Watch Tower |
| 21:10 | Watch Tower |
| 21:41 | Peon |
| 22:31 | Watch Tower |
| 22:31 | Watch Tower |
| 22:33 | Watch Tower |
| 22:33 | Watch Tower |
| 22:34 | Watch Tower |
| 22:34 | Watch Tower |
| 22:48 | Watch Tower |
| 22:50 | Watch Tower |
| 27:25 | Watch Tower |
| 27:26 | Watch Tower |
| 27:27 | Watch Tower |
| 27:28 | Watch Tower |
| 27:29 | Watch Tower |
| 27:30 | Watch Tower |
| 27:30 | Watch Tower |
| 27:30 | Watch Tower |
| 30:02 | Pendant of Energy |
| 30:52 | Arcanite Ranged Weapons |
| 30:52 | Steel Armor |
| 31:56 | Healing Wave |
| 33:22 | Critical Strike |
| 35:21 | Endurance Aura |
| 36:33 | Watch Tower |
| 36:35 | Watch Tower |
| 36:36 | Watch Tower |
| 36:36 | Watch Tower |
| 36:36 | Watch Tower |
| 36:37 | Watch Tower |
| 36:37 | Watch Tower |
| 36:37 | Watch Tower |
| 36:38 | Watch Tower |
| 36:38 | Watch Tower |
| 38:14 | Thorium Armor |
| 38:45 | Barracks |
| 38:46 | Troll Batrider |
| 39:31 | Troll Batrider |
| 39:32 | Troll Batrider |
| 41:28 | Serpent Ward |
| 41:48 | Troll Batrider |
| 41:48 | Troll Batrider |
| 41:48 | Troll Batrider |
| 41:49 | Troll Batrider |
| 41:49 | Troll Batrider |
| 41:49 | Troll Batrider |
| 42:13 | Tome of Retraining |
| 42:13 | Retrain Hero |
| 42:15 | Healing Wave |
| 42:15 | Hex |
| 42:15 | Healing Wave |
| 42:15 | Hex |
| Right click | 3884 |
| Select group | 826 |
| Select | 796 |
| Chat | 530 |
| Build/train/purchase | 260 |
| Use ability | 167 |
| Misc. action | 26 |
| Minimap ping | 22 |
| Assign group | 16 |
| Item give/drop | 6 |
| Esc | 1 |



x1)
| Staff of Sanctuary | 3 | 750 |
| Orb of Fire | 1 | 325 |
| Mechanical Critter | 6 | 300 |
| Staff of Teleportation | 3 | 450 |
| Boots of Speed | 3 | 750 |
| Periapt of Vitality | 2 | 650 |
| Circlet of Nobility | 1 | 175 |
| Tome of Retraining | 1 | 300 |
| Orb of Lightning | 2 | 750 |
| Legion Doom-Horn | 1 | 500 |
| Medallion of Courage | 1 | 500 |
| total: | 24 | 5450g |
| Peasant | 29 | 2175 | / | 0 |
| Priest | 4 | 540 | / | 40 |
| total: | 33 | 2715g | / | 40w |
| Scout Tower | 157 | 4710 | / | 3140 |
| Arcane Tower | 11 | 770 | / | 550 |
| Guard Tower | 35 | 2450 | / | 1750 |
| Altar of Kings | 1 | 180 | / | 50 |
| Farm | 5 | 400 | / | 100 |
| Lumber Mill | 1 | 120 | / | 0 |
| Town Hall | 3 | 1155 | / | 615 |
| Arcane Vault | 3 | 390 | / | 90 |
| Arcane Sanctum | 1 | 150 | / | 140 |
| Keep | 1 | 320 | / | 210 |
| Castle | 1 | 360 | / | 210 |
| total: | 171 | 7105g | / | 4135w |
| 0:04 | Peasant |
| 0:04 | Peasant |
| 0:10 | Altar of Kings |
| 0:21 | Farm |
| 0:28 | Peasant |
| 0:39 | Peasant |
| 0:39 | Peasant |
| 0:43 | Lumber Mill |
| 0:55 | Farm |
| 1:01 | Farm |
| 1:04 | Peasant |
| 1:04 | Peasant |
| 1:25 | Scout Tower |
| 1:29 | Peasant |
| 1:30 | Peasant |
| 1:40 | Scout Tower |
| 1:42 | Peasant |
| 1:52 | Arcane Tower |
| 2:01 | Peasant |
| 2:08 | Scout Tower |
| 2:10 | Peasant |
| 2:17 | Summon Water Elemental |
| 2:22 | Guard Tower |
| 2:33 | Peasant |
| 2:33 | Peasant |
| 2:38 | Scout Tower |
| 3:09 | Peasant |
| 3:12 | Guard Tower |
| 3:14 | Scout Tower |
| 3:39 | Keep |
| 3:49 | Arcane Tower |
| 3:55 | Farm |
| 4:24 | Brilliance Aura |
| 4:41 | Town Hall |
| 4:44 | Town Hall |
| 4:53 | Town Hall |
| 5:02 | Scout Tower |
| 5:03 | Scout Tower |
| 5:03 | Scout Tower |
| 5:04 | Scout Tower |
| 5:33 | Scout Tower |
| 5:33 | Scout Tower |
| 5:36 | Improved Masonry |
| 5:38 | Guard Tower |
| 5:47 | Staff of Teleportation |
| 5:47 | Boots of Speed |
| 5:53 | Periapt of Vitality |
| 5:57 | Arcane Tower |
| 5:59 | Scout Tower |
| 6:00 | Guard Tower |
| 6:03 | Scout Tower |
| 6:05 | Peasant |
| 6:05 | Peasant |
| 6:17 | Peasant |
| 6:26 | Guard Tower |
| 6:30 | Peasant |
| 6:30 | Peasant |
| 6:52 | Improved Lumber Harvesting |
| 7:00 | Castle |
| 7:03 | Arcane Vault |
| 7:10 | Storm Bolt |
| 7:29 | Arcane Vault |
| 7:30 | Arcane Vault |
| 7:39 | Scout Tower |
| 7:40 | Scout Tower |
| 7:41 | Scout Tower |
| 7:42 | Scout Tower |
| 7:47 | Scout Tower |
| 7:47 | Scout Tower |
| 7:49 | Scout Tower |
| 7:50 | Scout Tower |
| 7:53 | Guard Tower |
| 7:54 | Peasant |
| 7:54 | Peasant |
| 8:05 | Staff of Teleportation |
| 8:05 | Boots of Speed |
| 8:13 | Summon Water Elemental |
| 8:30 | Guard Tower |
| 8:39 | Peasant |
| 8:39 | Peasant |
| 8:46 | Periapt of Vitality |
| 8:47 | Circlet of Nobility |
| 8:58 | Guard Tower |
| 9:31 | Arcane Sanctum |
| 9:33 | Scout Tower |
| 9:33 | Scout Tower |
| 9:36 | Advanced Lumber Harvesting |
| 9:39 | Guard Tower |
| 9:56 | Bash |
| 10:01 | Arcane Tower |
| 10:04 | Scout Tower |
| 10:04 | Scout Tower |
| 10:05 | Scout Tower |
| 10:08 | Scout Tower |
| 10:08 | Scout Tower |
| 10:09 | Scout Tower |
| 10:18 | Arcane Tower |
| 10:22 | Holy Light |
| 10:25 | Staff of Sanctuary |
| 10:26 | Staff of Sanctuary |
| 10:27 | Staff of Sanctuary |
| 11:13 | Magic Sentry |
| 11:14 | Scout Tower |
| 11:15 | Scout Tower |
| 11:16 | Scout Tower |
| 11:17 | Scout Tower |
| 11:21 | Scout Tower |
| 11:21 | Scout Tower |
| 11:21 | Scout Tower |
| 11:22 | Scout Tower |
| 11:23 | Scout Tower |
| 11:24 | Scout Tower |
| 11:24 | Scout Tower |
| 11:25 | Scout Tower |
| 11:25 | Scout Tower |
| 11:26 | Scout Tower |
| 11:27 | Guard Tower |
| 11:37 | Scout Tower |
| 11:38 | Scout Tower |
| 11:39 | Scout Tower |
| 11:39 | Scout Tower |
| 11:39 | Scout Tower |
| 11:40 | Scout Tower |
| 12:01 | Guard Tower |
| 12:03 | Scout Tower |
| 12:04 | Scout Tower |
| 12:04 | Scout Tower |
| 12:05 | Scout Tower |
| 12:06 | Scout Tower |
| 12:11 | Scout Tower |
| 12:13 | Scout Tower |
| 12:13 | Scout Tower |
| 12:15 | Farm |
| 12:45 | Divine Shield |
| 13:10 | Guard Tower |
| 13:14 | Guard Tower |
| 13:21 | Priest |
| 13:23 | Priest Adept Training |
| 13:25 | Guard Tower |
| 13:28 | Scout Tower |
| 13:30 | Scout Tower |
| 13:31 | Scout Tower |
| 13:32 | Scout Tower |
| 13:32 | Scout Tower |
| 13:33 | Scout Tower |
| 13:34 | Scout Tower |
| 13:34 | Scout Tower |
| 13:35 | Scout Tower |
| 13:36 | Scout Tower |
| 13:36 | Scout Tower |
| 13:37 | Scout Tower |
| 13:37 | Scout Tower |
| 13:38 | Scout Tower |
| 13:42 | Scout Tower |
| 13:42 | Scout Tower |
| 13:43 | Scout Tower |
| 13:44 | Scout Tower |
| 13:47 | Arcane Tower |
| 13:49 | Guard Tower |
| 13:52 | Arcane Tower |
| 14:05 | Guard Tower |
| 14:10 | Advanced Masonry |
| 14:23 | Tome of Retraining |
| 14:23 | Retrain Hero |
| 14:26 | Brilliance Aura |
| 14:26 | Brilliance Aura |
| 14:27 | Blizzard |
| 14:36 | Boots of Speed |
| 15:08 | Orb of Lightning |
| 15:20 | Arcane Tower |
| 15:21 | Guard Tower |
| 15:33 | Guard Tower |
| 16:04 | Scout Tower |
| 16:04 | Scout Tower |
| 16:05 | Scout Tower |
| 16:07 | Scout Tower |
| 16:10 | Scout Tower |
| 16:10 | Scout Tower |
| 16:12 | Scout Tower |
| 16:12 | Scout Tower |
| 16:13 | Scout Tower |
| 16:15 | Peasant |
| 16:15 | Peasant |
| 16:18 | Imbued Masonry |
| 16:37 | Staff of Teleportation |
| 17:00 | Storm Bolt |
| 17:28 | Blizzard |
| 17:55 | Guard Tower |
| 18:00 | Scout Tower |
| 18:01 | Scout Tower |
| 18:01 | Scout Tower |
| 18:02 | Scout Tower |
| 18:03 | Scout Tower |
| 18:04 | Scout Tower |
| 18:05 | Scout Tower |
| 18:05 | Scout Tower |
| 18:05 | Scout Tower |
| 18:43 | Guard Tower |
| 18:45 | Scout Tower |
| 18:46 | Scout Tower |
| 18:47 | Scout Tower |
| 18:47 | Scout Tower |
| 18:48 | Scout Tower |
| 18:48 | Scout Tower |
| 18:49 | Scout Tower |
| 18:50 | Scout Tower |
| 19:02 | Guard Tower |
| 19:03 | Scout Tower |
| 19:03 | Scout Tower |
| 19:04 | Scout Tower |
| 19:05 | Orb of Fire |
| 19:27 | Guard Tower |
| 19:32 | Scout Tower |
| 19:33 | Scout Tower |
| 19:34 | Scout Tower |
| 19:35 | Scout Tower |
| 20:05 | Guard Tower |
| 20:12 | Scout Tower |
| 20:13 | Scout Tower |
| 20:13 | Scout Tower |
| 20:14 | Scout Tower |
| 20:15 | Scout Tower |
| 20:15 | Scout Tower |
| 20:57 | Holy Light |
| 21:11 | Scout Tower |
| 21:12 | Scout Tower |
| 21:13 | Scout Tower |
| 21:13 | Scout Tower |
| 21:17 | Guard Tower |
| 21:41 | Guard Tower |
| 21:43 | Guard Tower |
| 21:56 | Guard Tower |
| 22:09 | Peasant |
| 22:09 | Peasant |
| 22:09 | Peasant |
| 22:49 | Priest |
| 22:49 | Priest Master Training |
| 23:02 | Orb of Lightning |
| 23:22 | Mechanical Critter |
| 23:24 | Mechanical Critter |
| 23:26 | Mechanical Critter |
| 23:28 | Mechanical Critter |
| 23:30 | Mechanical Critter |
| 23:32 | Mechanical Critter |
| 23:55 | Guard Tower |
| 24:20 | Scout Tower |
| 24:21 | Scout Tower |
| 24:22 | Scout Tower |
| 24:23 | Scout Tower |
| 24:23 | Scout Tower |
| 24:24 | Scout Tower |
| 24:25 | Scout Tower |
| 24:27 | Scout Tower |
| 24:28 | Scout Tower |
| 24:30 | Scout Tower |
| 24:31 | Scout Tower |
| 24:31 | Scout Tower |
| 24:32 | Scout Tower |
| 24:33 | Scout Tower |
| 24:34 | Scout Tower |
| 25:01 | Priest |
| 25:05 | Priest |
| 25:37 | Guard Tower |
| 26:15 | Bash |
| 28:24 | Guard Tower |
| 28:59 | Scout Tower |
| 29:05 | Scout Tower |
| 29:06 | Scout Tower |
| 29:06 | Scout Tower |
| 29:07 | Scout Tower |
| 29:08 | Scout Tower |
| 29:08 | Scout Tower |
| 29:09 | Scout Tower |
| 29:09 | Scout Tower |
| 29:37 | Legion Doom-Horn |
| 29:47 | Medallion of Courage |
| 30:13 | Scout Tower |
| 30:13 | Scout Tower |
| 30:14 | Scout Tower |
| 30:15 | Scout Tower |
| 30:15 | Scout Tower |
| 30:16 | Scout Tower |
| 30:16 | Scout Tower |
| 31:26 | Guard Tower |
| 31:30 | Guard Tower |
| 31:56 | Arcane Tower |
| 31:58 | Arcane Tower |
| 32:11 | Guard Tower |
| 33:15 | Brilliance Aura |
| 34:10 | Scout Tower |
| 34:10 | Scout Tower |
| 34:11 | Scout Tower |
| 34:12 | Scout Tower |
| 34:13 | Scout Tower |
| 34:13 | Scout Tower |
| 34:14 | Scout Tower |
| 34:14 | Scout Tower |
| 35:02 | Guard Tower |
| 35:52 | Guard Tower |
| 37:11 | Arcane Tower |
| 38:04 | Devotion Aura |
| 41:36 | Storm Bolt |
| 46:08 | Blizzard |
| Right click | 2540 |
| Select group | 2105 |
| Chat | 1026 |
| Select | 433 |
| Use ability | 232 |
| Build/train/purchase | 178 |
| Misc. action | 158 |
| Minimap ping | 42 |
| Assign group | 15 |
| Item give/drop | 14 |
| Resource trade | 7 |
| Esc | 4 |